 Dungeon Crawl Stone Soup version 0.22-a0-460-g49b1da7 (webtiles) character file.

107 4thArraOfDagon the Slasher (level 4, -7/41 HPs)
             Began as a Minotaur Monk on June 9, 2018.
             Killed by divine providence
             ... invoked by an orc priest
              (11 damage)
             ... on level 5 of the Dungeon.
             The game lasted 00:02:02 (303 turns).

4thArraOfDagon the Slasher (Minotaur Monk)           Turns: 303, Time: 00:02:03

Health: -7/41      AC:  6    Str: 15    XL:     4   Next: 56%
Magic:  3/3        EV: 10    Int:  8    God:
Gold:   43         SH:  0    Dex: 13    Spells: 3/3 levels left

rFire    x . .     SeeInvis .   a - +0 falchion
rCold    + . .     Gourm    .   (no shield)
rNeg     . . .     Faith    .   i - +0 scale mail (curse)
rPois    .         Spirit   .   (helmet restricted)
rElec    .         Reflect  .   (no cloak)
rCorr    .         Harm     .   (no gloves)
MR       .....                  (no boots)
Stlth    ..........             (no amulet)
HPRegen  0.13/turn              d - ring of ice (curse)
MPRegen  0.08/turn              (no ring)

@: no status effects
A: retaliatory headbutt, horns 2
a: no special abilities


You were on level 5 of the Dungeon.
You were not hungry.

You visited 1 branch of the dungeon, and saw 5 of its levels.

You collected 43 gold pieces.

Inventory:

Hand Weapons
 a - a +0 falchion (weapon)
Armour
 i - a cursed +0 scale mail (worn)
Jewellery
 d - a cursed ring of ice (left hand)
Wands
 e - a wand of acid (14)
 f - a wand of flame (8)
Scrolls
 b - a scroll of remove curse {unknown}
 h - a scroll of fog {unknown}
Comestibles
 c - a ration


   Skills:
 + Level 4.7 Fighting
 * Level 5.7 Long Blades
 - Level 3.2 Dodging
 - Level 1.5 Stealth


You had 3 spell levels left.
You didn't know any spells.
Your spell library was empty.

Dungeon Overview and Level Annotations

Branches:
Dungeon (5/15)
 Temple: D:4-7

Altars:


Innate Abilities, Weirdness & Mutations

You reflexively headbutt those who attack you in melee.
You have a pair of horns on your head.


Message History

The orc wizard casts a spell.
The orc wizard blinks!
Found 3 scrolls labeled OKY EMAFAM.
Unknown command.
The orc priest begins to cast a cantrip, but forgets the words!
Unknown command.
An orc comes into view. It is wielding a club.
The orc shouts!
The howler monkey hits you.
The orc priest invokes the aid of Beogh against you.
Beogh smites you!
* * * LOW HITPOINT WARNING * * *
The howler monkey hits you but does no damage.
Unknown command.
The howler monkey hoots and howls with incredible vigour!
You hear an angry hiss.
You hear a shout! x3
Unknown command.
The orc priest mumbles some strange prayers to Beogh against you.
Beogh smites you!
You die...

#.. +..? ...###
..... #...
####### #...
#.....#
####.oo###†..#.#
...o..oh.@...#.#
..o.####.....#.#
. #........#.#
#........#.###
#........#...#
##'#.....###.#
#.#.......#.#
#.####+##.#.#
#.# #####.#.#


You could see a howler monkey, an orc priest, an orc wizard and 3 orcs.

Vanquished Creatures
  An orc wizard (D:4)
  A worker ant (D:4)
  4 adders
  2 leopard geckos
  2 orcs (D:4)
  A giant cockroach (D:4)
  A goblin (D:3)
  A hobgoblin (D:3)
  3 kobolds (D:3)
  2 rats
18 creatures vanquished.

Notes
Turn   | Place    | Note
-------+----------+-------------------------------------------
     0 | D:1      | 4thArraOfDagon the Minotaur Monk began the quest for the Orb.
     0 | D:1      | Reached XP level 1. HP: 19/19 MP: 0/0
    70 | D:3      | Reached skill level 4 in Long Blades
    96 | D:3      | Reached XP level 2. HP: 7/27 MP: 1/1
   162 | D:4      | Reached XP level 3. HP: 13/33 MP: 2/2
   188 | D:4      | Reached skill level 5 in Long Blades
   188 | D:4      | Reached XP level 4. HP: 7/41 MP: 3/3
   257 | D:4      | Noticed an ogre
   260 | D:5      | Entered Level 5 of the Dungeon
   303 | D:5      | Killed from afar by an orc priest

Vault maps used:
D:1:      lightli_arrival_statuegarden
D:2:      gammafunk_temple_overflow_pools, uniq_jessica, uniq_natasha
D:3:      tgw_trog, solitary_fountain
D:4:      nicolae_gozag_cash_rules_everything_around_me, uniq_eustachio
D:5:      serial_shops, shop, first_ration, elyvilon_altar_1, uniq_menkaure,
          uniq_prince_ribbit1

Skill      XL: |  1  2  3 |
---------------+----------+-----
Long Blades    | 4 5 |  5.7
Fighting       | 4 |  4.7
Dodging        | |  3.2
Stealth        | |  1.5

Action                   |  1- 3 |  4- 6 || total
-------------------------+-------+-------++-------
Melee: Falchion          |    16 |    17 ||    33
       Headbutt          |     3 |     1 ||     4
Evoke: Wand              |    12 |     9 ||    21
  Use: Potion            |     1 |     1 ||     2
 Stab: Sleeping          |     1 |       ||     1
Armor: Robe              |     1 |       ||     1
       Scale mail        |     1 |     9 ||    10
Dodge: Dodged            |    13 |     8 ||    21
       Rpst.: Falchion   |     1 |     1 ||     2

Table legend:
 A = Spawn XP
 B = Non-spawn XP
 C = Spawn XP percentage of total XP
 D = Spawn monster count
 E = Non-spawn monster count
 F = Spawn count percentage of total count
 G = Total turns spent on level
                    A         B        C        D         E        F      G
               +---------+---------+-------+---------+---------+-------+---------
         Total |       0 |     153 |   0.0 |       0 |      18 |   0.0 |   303
               +---------+---------+-------+---------+---------+-------+---------
           D:1 |       0 |       1 |   0.0 |       0 |       1 |   0.0 |    41
           D:3 |       0 |      12 |   0.0 |       0 |       7 |   0.0 |    96
           D:4 |       0 |     127 |   0.0 |       0 |       9 |   0.0 |   112
           D:5 |       0 |      13 |   0.0 |       0 |       1 |   0.0 |    43
               +---------+---------+-------+---------+---------+-------+---------
